 Dungeon Crawl Stone Soup version 0.29.1-4-g47bece8355 (webtiles) character file.

Game seed: 12087549782236688709

2053 Anriel the Cudgeller (level 9, -1/54 HPs)
             Began as a Gargoyle Fighter on Dec 2, 2022.
             Was a Follower of Okawaru.
             Slain by a steam dragon (3 damage)
             ... on level 6 of the Dungeon on Dec 5, 2022.
             The game lasted 00:30:33 (5790 turns).

Anriel the Cudgeller (Gargoyle Fighter)             Turns: 5790, Time: 00:30:34

Health: -1/54      AC: 25    Str: 24    XL:     9   Next: 25%
Magic:  10/10      EV:  8    Int:  9    God:    Okawaru [*.....]
Gold:   244        SH:  4    Dex:  9    Spells: 8/8 levels left

rFire   . . .      SeeInvis .   a - +1 flail
rCold   . . .      Faith    .   c - +0 buckler
rNeg    + . .      Spirit   .   d - +0 chain mail
rPois   ∞          Reflect  .   (no helmet)
rElec   +          Harm     .   e - +2 cloak
rCorr   .          Rampage  .   (no gloves)
Will    .....                   g - +0 pair of boots
Stlth   ..........              (no amulet)
HPRegen 0.18/turn               h - +4 ring of protection
MPRegen 0.12/turn               (no ring)

@: no status effects
A: sickness immunity, AC +6, negative energy resistance 1, electricity
resistance, torment resistance 1, petrification resistance
a: Renounce Religion, Heroism


You were on level 6 of the Dungeon.
You worshipped Okawaru.
Okawaru was aware of your devotion.
You visited 2 branches of the dungeon, and saw 7 of its levels.
You also visited: Sewer.

You collected 244 gold pieces.

Inventory:

Hand Weapons
 a - a +1 flail (weapon)
Missiles
 f - 2 throwing nets (quivered)
Armour
 c - a +0 buckler (worn)
 d - a +0 chain mail (worn)
 e - a +2 cloak (worn)
 g - a +0 pair of boots (worn)
 l - a scarf of repulsion
Jewellery
 h - a +4 ring of protection (left hand)
 q - an amulet of faith
Wands
 r - a wand of flame (15)
 s - a wand of polymorph (7)
Scrolls
 m - 2 scrolls of teleportation
 n - 3 scrolls of enchant weapon
 p - 4 scrolls of blinking
 t - a scroll of immolation {unknown}
 u - a scroll of acquirement {unknown}
Potions
 b - a potion of lignification {unknown}
 i - a potion of haste
 j - a potion of berserk rage
 k - a potion of heal wounds
 o - 3 potions of curing {unknown}
 v - a potion of degeneration {unknown}
 w - 2 potions of attraction {unknown}


   Skills:
 + Level 5.4 Fighting
 + Level 7.7 Maces & Flails
 + Level 6.8 Armour
 + Level 2.1 Dodging
 + Level 5.2 Shields
 * Level 1.8 Invocations
 + Level 3.0 Evocations


You had 8 spell levels left.
You didn't know any spells.
Your spell library contained the following spells:

 Spells                   Type           Power      Damage    Failure   Level
 Blink                    Tloc           0%         N/A       99%         2
 Lesser Beckoning         Tloc           0%         N/A       100%        3
 Manifold Assault         Tloc           0%         N/A       100%        5


Dungeon Overview and Level Annotations

Branches:
Dungeon (6/15)             Temple (1/1) D:4           Sewer (visited)

Altars:
Ashenzari
Cheibriados
Dithmenos
Elyvilon
Fedhas
Gozag
Hepliaklqana
Kikubaaqudgha
Makhleb
Nemelex Xobeh
Okawaru
Qazlal
Ru
Sif Muna
Trog
Uskayaw
Vehumet
Wu Jian
Xom
Yredelemnul
Zin
The Shining One


Innate Abilities, Weirdness & Mutations

You are immune to sickness and miasma.
Your stone body is resilient. (AC +6)
You are immune to poison.
You resist negative energy. (rN+)
You are resistant to electric shocks. (rElec)
You are resistant to unholy torment.
You are immune to petrification.


Message History

The steam dragon is heavily wounded.
You are engulfed in a cloud of scalding steam.
The steam dragon bites you but does no damage.
You block the steam dragon's attack.
You completely miss the steam dragon.
The steam dragon is heavily wounded.
The steam dragon bites you but does no damage.
The steam dragon claws you but does no damage.
You closely miss the steam dragon.
The steam dragon is heavily wounded.
The steam dragon bites you but does no damage.
The steam dragon claws you.
You hit the steam dragon but do no damage.
The steam dragon is heavily wounded.
The steam dragon bites you but does no damage.
You block the steam dragon's attack.
You sock the steam dragon!
The steam dragon is severely wounded.
The steam dragon bites you but does no damage.
The steam dragon claws you but does no damage.
You hit the steam dragon.
The steam dragon is almost dead.
The steam dragon bites you but does no damage.
The steam dragon claws you but does no damage.
You hit the steam dragon.
The steam dragon is almost dead.
The steam dragon bites you. The steam dragon barely misses you.
You hit the steam dragon but do no damage.
The steam dragon is almost dead.
The steam dragon bites you. You block the steam dragon's attack.
You barely miss the steam dragon.
The steam dragon is almost dead.
The steam dragon breathes steam at you. The ball of steam hits you!!
* * * LOW HITPOINT WARNING * * *
You hit the steam dragon but do no damage.
The steam dragon is almost dead.
You are engulfed in a cloud of scalding steam.
The steam dragon bites you.
You die...

#.#.# #<#.# #.#.#
###.# #.#.# ...
#.#.# #.. #.#.#
#.#.# #.#.# #####
#.#.######## #<..#
#.#§@D...$..
###.####.##########
#..............#
#.####.......>.#
#.# #.######### ###
###


You could see a steam dragon (catching breath).

Vanquished Creatures
  Prince Ribbit (D:6)
  An ice beast (D:6)
  A sky beast (D:6)
  An orc warrior (D:6)
  An ogre (D:5)
  A centaur (D:6)
  2 phantoms
  3 bullfrogs
  Blork the orc (D:4)
  A gnoll sergeant (D:6)
  3 scorpions
  2 howler monkeys
  4 hounds (D:5)
  A jelly (D:6)
  2 orc priests (D:5)
  A gnoll bouda (D:3)
  2 iguanas (D:5)
  14 gnolls
  9 adders
  A river rat (D:4)
  2 white imps (D:6)
  3 ufetubi (D:5)
  4 worms
  2 dart slugs
  11 orcs
  11 ball pythons
  10 endoplasms
  11 giant cockroaches
  10 goblins
  5 hobgoblins
  3 jackals (D:2)
  6 kobolds
  15 quokkas
  6 bats
  7 frilled lizards (Sewer)
  5 rats
163 creatures vanquished.

Notes
Turn   | Place    | Note
-------+----------+-------------------------------------------
     0 | D:1      | Anriel the Gargoyle Fighter began the quest for the Orb.
     0 | D:1      | Reached XP level 1. HP: 14/14 MP: 1/1
   107 | D:1      | Reached XP level 2. HP: 12/19 MP: 2/2
   300 | D:1      | Reached XP level 3. HP: 17/24 MP: 3/3
   857 | D:2      | Reached XP level 4. HP: 29/29 MP: 4/4
   879 | D:2      | Reached skill level 3 in Maces & Flails
  1540 | D:3      | Found a broken altar of Ashenzari.
  1552 | D:3      | Reached XP level 5. HP: 29/33 MP: 5/5
  1777 | D:3      | Found a faded altar of an unknown god.
  1881 | D:3      | Found a glowing golden altar of the Shining One.
  2199 | D:3      | You fall into a shaft and drop 3 floors!
  2240 | D:5      | Entered Level 5 of the Dungeon
  2254 | D:5      | Reached skill level 4 in Maces & Flails
  2259 | D:5      | Noticed an ogre
  2281 | D:5      | Reached XP level 6. HP: 35/38 MP: 6/6
  2286 | D:5      | Reached skill level 1 in Dodging
  2291 | D:5      | Reached skill level 5 in Armour
  2407 | D:5      | Reached XP level 7. HP: 39/44 MP: 7/7
  2451 | D:4      | Found an ornate altar of the Wu Jian Council.
  2517 | D:4      | Noticed Blork the orc
  2540 | D:4      | Killed Blork the orc
  2541 | D:4      | Reached skill level 5 in Maces & Flails
  2580 | D:4      | Found a staircase to the Ecumenical Temple.
  2589 | D:4      | Reached skill level 1 in Evocations
  2813 | D:4      | Found a glowing drain.
  2835 | Sewer    | Entered a sewer
  3095 | Sewer    | Reached XP level 8. HP: 45/48 MP: 8/8
  3116 | Sewer    | Reached skill level 6 in Maces & Flails
  3394 | Temple   | Entered the Ecumenical Temple
  3409 | Temple   | Became a worshipper of Warmaster Okawaru
  4392 | D:5      | Found an ancient bone altar of Kikubaaqudgha.
  4511 | D:5      | Noticed a +0 hand axe
  4513 | D:5      | Noticed a +0 hand axe
  4524 | D:5      | Found a hide-covered altar of Uskayaw.
  4587 | D:5      | Reached skill level 5 in Fighting
  5147 | D:5      | Found a bloodstained altar of Trog.
  5325 | D:6      | Reached skill level 7 in Maces & Flails
  5545 | D:6      | Reached skill level 5 in Shields
  5565 | D:6      | Reached * piety under Okawaru
  5566 | D:6      | Reached skill level 1 in Invocations
  5566 | D:6      | Reached XP level 9. HP: 41/54 MP: 9/9
  5689 | D:6      | Noticed Prince Ribbit
  5696 | D:6      | Killed Prince Ribbit
  5789 | D:6      | HP: 1/54 [steam dragon/ball of steam (19)]
  5790 | D:6      | Slain by a steam dragon

Illustrated notes

Levels and vault maps discovered:
D:1:      dpeg_arrival_pond, layout_basic
D:2:      layout_loops_ring, grunt_decor_junction
D:3:      layout_basic, evilmike_ruin_ashenzari, mainiacjoe_overflow_alcove_4,
          hellmonk_ecumenical_altar_pennies_from_heaven
D:4:      layout_rooms, lemuel_doored_altar, minmay_temple_entry_mist,
          lightli_sewer_entry_pipes, minmay_misc_feat_room, uniq_blork_the_orc
D:5:      layout_cave_pods, nicolae_overflow_crystal_walls,
          dancing_weapons_uskayaw, trog_antimagical, cheibrodos_gnoll_hut
D:6:      layout_basic, minivault_14, uniq_maggie, uniq_prince_ribbit1
Temple:   eino_temple_scatter_basement

Skill      XL: |  1  2  3  4  5  6  7  8  9 |
---------------+----------------------------+-----
Armour         | 4 5 6 |  6.8
Maces & Flails | 3 4 5 7 |  7.7
Fighting       | 4 5 |  5.4
Shields        | 4 5 |  5.2
Dodging        | 1 2 |  2.1
Evocations     | 1 3 |  3.0
Invocations    | 1 |  1.8

Action                   |  1- 3 |  4- 6 |  7- 9 || total
-------------------------+-------+-------+-------++-------
Melee: Flail             |    85 |   199 |   496 ||   780
  Use: Scroll            |     3 |     4 |     5 ||    12
       Potion            |     1 |     2 |     1 ||     4
Armor: Scale mail        |    46 |   141 |       ||   187
       Chain mail        |       |    10 |   420 ||   430
Dodge: Dodged            |    45 |   109 |   224 ||   378
Block: Buckler           |    19 |    58 |   137 ||   214
